 Dungeon Crawl Stone Soup version 0.32-a0-861-g165e151e72 (webtiles) character file.

Game seed: 5741266347175898226

5363 Essalna the Fighter (level 10, -1/80 HPs)
             Began as a Demonspawn Fire Elementalist on Mar 28, 2024.
             Was a Priest of Vehumet.
             Killed by an exploding yak (22 damage)
             ... ignited by their inner flame
             ... on level 10 of the Dungeon.
             The game lasted 00:17:18 (8594 turns).

Essalna the Fighter (Demonspawn Fire Elementalist)  Turns: 8594, Time: 00:17:19

Health: -1/80      AC:  2    Str: 10    XL:     10   Next: 39%
Magic:  0/16       EV: 11    Int: 19    God:    Vehumet [***...]
Gold:   508        SH: 11    Dex: 19    Spells: 11/18 levels left

rFire   . . .        d - +1 whip (venom)
rCold   + . .        p - +0 buckler
rNeg    . . .        a - +0 robe
rPois   .            (helmet restricted)
rElec   .            (no cloak)
rCorr   .            (no gloves)
SInv    .            (no boots)
Will    .....        z - amulet of magic regeneration
Stlth   ++           l - +6 ring of dexterity
HPRegen 0.33/turn    u - ring of protection from cold
MPRegen 0.70/turn

%: guardian spirit
@: no status effects
A: antennae 1, large bone plates 2, magic shield, magic regeneration,
condensation shield
a: Renounce Religion


You were on level 10 of the Dungeon.
You worshipped Vehumet.
Vehumet was most pleased with you.
You visited 2 branches of the dungeon, and saw 11 of its levels.

You collected 508 gold pieces.

Inventory:

Hand Weapons
 d - a +1 whip of venom (weapon)
 x - the +1 short sword of the Oily God {vamp, *Rage rF- rN++ Str+9}
   (You found it on level 5 of the Dungeon)

   Str+9:     It affects your strength (+9).
   rF-:       It makes you vulnerable to fire.
   rN++:      It greatly protects you from negative energy.
   *Rage:     It berserks you when you make melee attacks (+20% chance).
Missiles
 r - a throwing net
Armour
 a - a +0 robe (worn)
 p - a +0 buckler (worn)
 C - a +1 leather armour of cold resistance
 J - a +1 cloak of preservation
Jewellery
 l - a +6 ring of dexterity (left hand)
 m - an amulet of regeneration
 u - a ring of protection from cold (right hand)
 z - an amulet of magic regeneration (around neck)
Wands
 A - a wand of paralysis (10)
 B - a wand of flame (35)
 K - a wand of iceblast (4)
Scrolls
 g - 9 scrolls of identify
 h - 2 scrolls of teleportation {unknown}
 i - 3 scrolls of vulnerability
 j - 3 scrolls of immolation
 k - a scroll of blinking
 n - 2 scrolls of fear {unknown}
 o - 2 scrolls of enchant weapon {unknown}
 q - a scroll of brand weapon
 s - 2 scrolls of noise
 t - 3 scrolls of poison
 y - a scroll of silence {unknown}
 D - a scroll of revelation {unknown}
 I - a scroll of amnesia {unknown}
 L - a scroll of enchant armour {unknown}
Potions
 b - 2 potions of magic
 c - 2 potions of curing
 e - 2 potions of degeneration {unknown}
 f - 2 potions of resistance {unknown}
 v - 2 potions of might {unknown}
 w - 3 potions of mutation {unknown}
 E - 2 potions of enlightenment {unknown}
 F - 2 potions of haste {unknown}
 G - a potion of heal wounds {unknown}
 H - a potion of brilliance {unknown}
 M - a potion of cancellation {unknown}


   Skills:
 + Level 8.0 Fighting
 + Level 1.7 Armour
 + Level 2.7 Dodging
 - Level 1.7 Stealth
 - Level 4.0 Shields
 + Level 4.5 Spellcasting
 - Level 8.0 Conjurations
 + Level 7.7 Fire Magic


You had 11 spell levels left.
You knew the following spells:

 Your Spells              Type           Power      Damage    Failure   Level
a - Foxfire               Conj/Fire      100%       2x1d9     1%          1
b - Scorch                Fire           66%        2d7       1%          2
c - Flame Wave            Conj/Fire      34%        2d10      1%          4

Your spell library contained the following spells:

 Spells                   Type           Power      Damage    Failure   Level
 Searing Ray              Conj           68%        2d6       1%          2
 Magic Dart               Conj           100%       1d8       1%          1
 Inner Flame              Hex/Fire       19%        N/A       3%          3
 Volatile Blastmotes      Fire/Tloc      38%        2d13      3%          3
 Blink                    Tloc           8%         N/A       28%         2
 Call Imp                 Summ           8%         N/A       28%         2
 Fugue of the Fallen      Necr           4%         N/A       50%         3
 Ozocubu's Armour         Ice            4%         N/A       50%         3
 Manifold Assault         Tloc           2%         N/A       100%        7


Dungeon Overview and Level Annotations

Branches:
Dungeon (10/15)            Temple (1/1) D:4
   Lair: D:8-11         Orc: D:9-12

Altars:
Ashenzari
Cheibriados
Dithmenos
Fedhas
Gozag
Hepliaklqana
Kikubaaqudgha
Makhleb
Nemelex Xobeh
Okawaru
Qazlal
Ru
Sif Muna
Trog
Uskayaw
Vehumet
Wu Jian
Xom
Yredelemnul
Beogh


Innate Abilities, Weirdness & Mutations

You have a pair of small antennae on your head.
You are mostly covered in large bone plates. (SH +6)
When hurt, damage is shared between your health and your magic reserves.
You regenerate magic rapidly.
A meltable shield of frost defends you. (SH +0)


Message History

Okay, then.
Unknown command.
As you read the scroll labelled PIPPUWIMEI, it crumbles to dust.
You hear a loud clanging noise!
It was a scroll of noise.
You hear a shout! x5; You hear an angry hiss.
You hear a shout! x2
You hear a roar!
You hear a shout! x2; You hear an angry hiss.
You hear a shout!
The centaur shoots an arrow.
The arrow barely misses you.
The orc warrior hits you with a +0 war axe!
The yak is engulfed in poison gas.
The yak looks even sicker.
Flame seeps out of the yak.
You block the yak's attack.
As you read the scroll labelled BIS YVYPSYWIS, it crumbles to dust.
It is a scroll of brand weapon.
Okay, then.
The orc warrior hits you with a +0 war axe!
* * * LOW HITPOINT WARNING * * *
The yak is engulfed in poison gas.
The yak looks even sicker.
Flame seeps out of the yak.
The yak gores you.
* * * LOW HITPOINT WARNING * * *
It was a potion of curing.
You feel better.
Flame seeps out of the yak.
The orc warrior hits you with a +0 war axe!
* * * LOW HITPOINT WARNING * * *
The yak is engulfed in poison gas.
The yak looks as sick as possible!
Flame seeps out of the yak.
You block the yak's attack. x2
Okay, then.
Okay, then.
Blink to where?
Press: ? - help, Dir - move target
Okay, then.
Unknown command.
Unknown command.
You feel better. Vehumet accepts your kill.
Vehumet is now aiding your destructive spells.
You feel your power returning.
The yak explodes!
The fiery explosion engulfs you!!
Your condensation shield dissipates!
You die...

.. #.......... ... #§§§☼§§☼o#
.... #§§§§§§c§#
....######§§§§§§§§###########
>...Q§§§§§§§§§§§§☼§§#...#....
.......☼☼§§§§§§§§☼§§#'#'#....
.........c§§§☼§§§§§§.........
....###'###Yo§§§§§§§..#######
. #..#{{##@§§§§§§§..'......
#..#.#c.##§§§☼§§§..#......
#..#...#T.########..#......
#..#..#. #..# #..#######
#.#.Y#Y# #.# #.........
+#..#.[ #'. #......... #.#.
#h #. #......... #.. .
#......... #.........


You could see a yak (inner flame), an orc warrior (inner flame), 2 centaurs and
an orc wizard (inner flame).

Vanquished Creatures
  Maurice (D:9)
  A hornet (D:9)
  A wyvern (D:8)
  2 yaks (D:10)
  2 acid dragons (D:9)
  7 orc warriors
  2 black bears (D:8)
  2 ice beasts (D:6)
  An ogre (D:6)
  2 sky beasts
  2 centaurs
  6 phantoms
  2 kobold brigands
  A weeping skull (D:6)
  A gnoll sergeant (D:8)
  2 bullfrogs (D:8)
  5 scorpions
  8 wights
  4 killer bees (D:8)
  A howler monkey (D:10)
  5 hounds
  A jelly (D:5)
  5 orc priests
  2 bombardier beetles
  A gnoll bouda (D:5)
  5 iguanas
  4 sleepcaps
  6 orc wizards
  15 gnolls
  6 adders
  2 white imps (D:5)
  2 ufetubi (D:7)
  A ribbon worm (D:3)
  2 dart slugs
  6 orcs
  2 endoplasms
  5 giant cockroaches
  8 hobgoblins
  3 jackals (D:5)
  4 quokkas
  5 ball pythons
  4 bats
  A frilled lizard (D:2)
  7 goblins
  9 kobolds
  5 rats
  A spectral orc (D:6)
170 creatures vanquished.

Vanquished Creatures (collateral kills)
  3 foxfires (D:8)
3 creatures vanquished.

Vanquished Creatures (others)
  696 foxfires
696 creatures vanquished.

Grand Total: 869 creatures vanquished

Notes
Turn   | Place    | Note
-------+----------+-------------------------------------------
     0 | D:1      | Essalna the Demonspawn Fire Elementalist began the quest
                  | for the Orb.
     0 | D:1      | Reached XP level 1. HP: 13/13 MP: 3/3
   308 | D:1      | Gained mutation: You regenerate magic rapidly. [demonic
                  | ancestry]
   308 | D:1      | Reached XP level 2. HP: 18/20 MP: 5/5
   345 | D:1      | Found a faded altar of an unknown god.
   641 | D:1      | Reached skill level 1 in Fighting
  1095 | D:2      | Learned a level 2 spell: Scorch
  1326 | D:2      | Reached XP level 3. HP: 26/26 MP: 2/6
  1775 | D:3      | Found an opulent altar of Gozag.
  1833 | D:3      | Gained mutation: You are partially covered in large bone
                  | plates. (SH +4) [demonic ancestry]
  1833 | D:3      | Reached XP level 4. HP: 33/33 MP: 1/7
  1945 | D:3      | Reached skill level 1 in Shields
  2366 | D:4      | Found a blossoming altar of Fedhas.
  2376 | D:4      | Noticed a scorpion
  2380 | D:4      | Killed a scorpion
  2381 | D:4      | Gained mutation: You have a pair of small antennae on your
                  | head. [demonic ancestry]
  2381 | D:4      | Reached XP level 5. HP: 34/38 MP: 0/9
  2601 | D:4      | Found a staircase to the Ecumenical Temple.
  2616 | Temple   | Entered the Ecumenical Temple
  2643 | Temple   | Became a worshipper of Vehumet
  2679 | D:4      | Gained mutation: When hurt, damage is shared between your
                  | health and your magic reserves. [demonic ancestry]
  2679 | D:4      | Reached XP level 6. HP: 46/46 MP: 4/10
  2941 | D:4      | Found a sparkling altar of Nemelex Xobeh.
  3066 | D:5      | Entered Level 5 of the Dungeon
  3183 | D:5      | Reached XP level 7. HP: 52/52 MP: 7/12
  3578 | D:5      | Reached * piety under Vehumet
  3578 | D:5      | Offered knowledge of Sting by Vehumet.
  3584 | D:5      | Learned a level 4 spell: Flame Wave
  3698 | D:5      | Identified the +1 short sword of the Oily God {vamp, *Rage
                  | rF- rN++ Str+9}
  3895 | D:6      | Found a shimmering altar of Xom.
  3945 | D:6      | You fall into a shaft and drop 2 floors!
  4343 | D:6      | Gained mutation: A meltable shield of frost defends you.
                  | (SH +0) [demonic ancestry]
  4343 | D:6      | Reached XP level 8. HP: 60/60 MP: 14/14
  4447 | D:6      | Reached skill level 5 in Fire Magic
  4708 | D:6      | Reached skill level 5 in Conjurations
  4736 | D:6      | Reached skill level 5 in Fighting
  4972 | D:6      | Found a basalt altar of Yredelemnul.
  5579 | D:5      | Reached XP level 9. HP: 63/69 MP: 13/15
  6372 | D:7      | Found a snail-covered altar of Cheibriados.
  6770 | D:8      | Reached ** piety under Vehumet
  6775 | D:8      | Offered knowledge of Momentum Strike by Vehumet.
  6823 | D:8      | Found a bloodstained altar of Trog.
  7156 | D:8      | Identified the +7 whip of Theory {antimagic, Str-2 Int+3}
  7319 | D:9      | Noticed Maurice
  7383 | D:9      | Maurice stole the +1 short sword of the Oily God {vamp,
                  | *Rage rF- rN++ Str+9}
  7384 | D:9      | Killed Maurice
  7385 | D:9      | Gained mutation: You are mostly covered in large bone
                  | plates. (SH +6) [demonic ancestry]
  7385 | D:9      | Reached XP level 10. HP: 66/79 MP: 3/16
  7477 | D:10     | Entered Level 10 of the Dungeon
  7727 | D:9      | Reached skill level 1 in Armour
  7795 | D:9      | Found an iron altar of Okawaru.
  7803 | D:9      | Identified the +1 mace of Propriety {protect, rPois rC+ rN+
                  | Int-4}
  7846 | D:9      | Offered knowledge of Searing Ray by Vehumet.
  8028 | D:9      | Found a broken altar of Ashenzari.
  8060 | D:9      | Found a stormy altar of Qazlal.
  8088 | D:9      | Found a roughly hewn altar of Beogh.
  8088 | D:9      | Found the +7 staff of the Meek {protect, meekguard}
  8583 | D:10     | Noticed a tengu warrior
  8594 | D:10     | Reached *** piety under Vehumet
  8594 | D:10     | Killed by an exploding yak... ignited by their inner flame

Illustrated notes

Levels and vault maps discovered:
D:1:      nzn_arrival_depleted_hourglass, layout_loops_ring,
          basic_ecumenical_altar
D:2:      layout_loops_corners
D:3:      layout_basic, mainiacjoe_overflow_catwalk, overflow_temple_1_default,
          chequers_garden
D:4:      layout_rooms, mainiacjoe_overflow_24_doors,
          nemelex_xobeh_ov_fountains_minmay,
          minmay_temple_entry_drinking_statues
D:5:      layout_layer_cave
D:6:      minmay_general_purpose_star, layout_gridville,
          yredelemnul_forgotten_temple_becter, nicolae_overflow_crystal_walls
D:7:      layout_basic, mainiacjoe_overflow_alcove_1, billiards_dpeg
D:8:      layout_gridville, trog_ov_bears_minmay,
          mainiacjoe_overflow_tiny_flanked
D:9:      layout_rooms, nicolae_ashenzari_skybound, lemuel_doored_altar,
          okawaru_ov_weapons_minmay, pf_guarded_unrand_meek, uniq_maurice
D:10:     minmay_the_grid_octo_tiled_squarecenter
          [minmay_the_grid_octo_thin_diamonds, minmay_the_grid_octo_empty,
          minmay_the_grid_octo_horde, minmay_the_grid_octo_checkerflower,
          minmay_the_grid_square_5x5_megaprize_checkered,
          minmay_the_grid_square_5x5_shrine2,
          minmay_the_grid_square_5x5_inner_v, minmay_the_grid_square_5x5_n,
          minmay_the_grid_square_5x5_spiral_small], layout_irregular_city,
          david_lair_shrubbed, david_orc_4
Temple:   cyrus_temple_forest

Skill      XL: |  1  2  3  4  5  6  7  8  9 10 |
---------------+-------------------------------+-----
Fighting       | 1 2 3 4 5 7 8 |  8.0
Fire Magic     | 3 4 5 7 |  7.7
Conjurations   | 2 3 4 5 7 8 |  8.0
Shields        | 1 2 3 4 |  4.0
Spellcasting   | 3 4 |  4.5
Dodging        | 2 |  2.7
Armour         | 1 |  1.7
Stealth        | |  1.7

Action                     |  1- 3 |  4- 6 |  7- 9 | 10-12 || total
---------------------------+-------+-------+-------+-------++-------
  Melee: Whip              |    50 |    24 |    13 |     2 ||    89
         Unarmed           |     1 |       |       |       ||     1
   Cast: Foxfire           |    47 |    77 |   252 |    29 ||   405
         Scorch            |       |    13 |    52 |    23 ||    88
         Flame Wave        |       |       |     4 |    10 ||    14
    Use: Scroll            |       |       |     2 |     5 ||     7
         Potion            |       |       |       |     2 ||     2
   Stab: Sleeping          |     3 |       |       |       ||     3
 Armour: Robe              |    28 |    10 |    63 |    27 ||   128
  Dodge: Dodged            |    27 |    19 |    37 |    16 ||    99
  Block: Buckler           |     2 |    19 |    87 |    35 ||   143

Table legend: (Time is in decaauts)
 A = Elapsed time spent in this place.
 B = Non-inter-level travel time spent in this place.
 C = Inter-level travel time spent in this place.
 D = Time resting spent in this place.
 E = Time spent auto-exploring this place.
 F = Levels seen in this place.
 G = Mean time per level.
                   A        B        C        D        E       F      G
               +--------+--------+--------+--------+--------+-----+--------+
         Total |   8606 |   8312 |    294 |    166 |   6765 |  11 |  782.4 |
       Dungeon |   8556 |   8299 |    257 |    166 |   6765 |  10 |  855.6 |
        Temple |     49 |     12 |     37 |      0 |      0 |   1 |   49.0 |
               +--------+--------+--------+--------+--------+-----+--------+

Top non-repeatable levels by time:
     D:5: 1466 daAuts
     D:6: 1148 daAuts
     D:8: 926 daAuts
     D:7: 895 daAuts
     D:2: 887 daAuts
     D:1: 815 daAuts
     D:9: 763 daAuts
     D:4: 743 daAuts
     D:3: 649 daAuts
    D:10: 261 daAuts
  Temple: 49 daAuts
